 Dungeon Crawl Stone Soup version 0.20.1-1-g8b1a95d (webtiles) character file.

170 Sten the Cudgeler (level 5, -2/69 HPs)
             Began as a Draconian Berserker on July 13, 2017.
             Was a Believer of Trog.
             Killed from afar by Natasha (10 damage)
             ... with a magic dart
             ... on level 4 of the Dungeon.
             The game lasted 00:22:45 (3866 turns).

Sten the Cudgeler (Draconian Berserker)             Turns: 3866, Time: 00:22:45

Health: -2/69      AC:  7    Str: 25    XL:     5   Next: 25%
Magic:  5/5        EV: 13    Int:  7    God:    Trog [**....]
Gold:   157        SH:  0    Dex: 11    Spells: 4/4 levels left

rFire    . . .     SeeInvis .   r - +1 whip (flame)
rCold    . . .     Gourm    .   (no shield)
rNeg     . . .     Faith    .   (armour unavailable)
rPois    +         Spirit   .   (helmet restricted)
rElec    .         Reflect  .   (no cloak)
rCorr    .         Harm     .   e - +1 pair of gloves
MR       .....                  (no boots)
Stlth    ..........             (no amulet)
Regen    0.3/turn               g - ring of poison resistance
MPRegen  0.1/turn               (no ring)

@: berserking, very quick
A: unfitting armour, cold-blooded, AC +5
a: Berserk, Trog's Hand, Burn Spellbooks, Renounce Religion


You were on level 4 of the Dungeon.
You worshipped Trog.
Trog was pleased with you.
You were near starving.

You visited 1 branch of the dungeon, and saw 4 of its levels.

You collected 157 gold pieces.

Inventory:

Hand Weapons
 a - a +0 mace
 b - a +0 war axe
 f - a +0 short sword
 h - a +0 hunting sling
 n - a +0 long sword
 p - a +0 morningstar of holy wrath
 r - a +1 whip of flaming (weapon)
 t - a +0 dagger of venom
Missiles
 d - 150 stones (quivered)
 q - 16 poisoned needles
Armour
 e - a +1 pair of gloves (worn)
 i - a +0 plate armour
Jewellery
 g - a ring of poison resistance (left hand)
 s - a +2 ring of intelligence {unknown}
Scrolls
 j - 6 scrolls of identify {unknown}
 u - 2 scrolls of recharging {unknown}
 v - a scroll of blinking {unknown}
Potions
 m - a potion of berserk rage {unknown}
 o - a potion of might {unknown}
Comestibles
 c - 3 royal jellies
 k - 4 bread rations
 l - a fruit


   Skills:
 + Level 4.1 Fighting
 + Level 1.1 Long Blades
 + Level 0.6(2.8) Axes
 + Level 4.4 Maces & Flails
 + Level 0.1 Throwing
 + Level 3.4 Dodging
 + Level 1.0 Stealth


You had 4 spell levels left.
You didn't know any spells.

Dungeon Overview and Level Annotations

Branches:
Dungeon (4/15)
 Temple: D:4-7

Altars:
Makhleb

Annotations:
D:4 Dowan, Duvessa, Natasha


Innate Abilities, Weirdness & Mutations

Your plain brown scales are hard. (AC +5)
You cannot fit into any form of body armour.
You are cold-blooded and may be slowed by cold attacks.


Message History

Duvessa closely misses you. Natasha misses you.
You closely miss Duvessa.
Duvessa is lightly wounded.
Duvessa hits you with a rapier of venom.
* * * LOW HITPOINT WARNING * * *
Natasha wildly gestures.
You feel disoriented. Natasha closely misses you.
You barely miss Duvessa.
Your tail-slap misses Duvessa.
Duvessa is lightly wounded.
Duvessa misses you. Natasha closely misses you.
You hit Duvessa. You burn Duvessa.
Duvessa is heavily wounded.
Dowan misses you. Duvessa hits you but does no damage.
You barely miss Duvessa.
Your tail-slap misses Duvessa.
Duvessa is heavily wounded.
You feel yourself speed up. Natasha casts a spell at you.
The magic dart hits you!
You die...

#.#.# #.#..
#.##.## #
#..#..#
#####.###†##.##
...........#..#
###.#.........#
#.###...e.## #.
#...@..# #
#..he#.#
#....#.###
#....#...#
##...#.#.#.#
+####'#.......#
..........#.###
.......)..#
............#


You could see Duvessa, Dowan and Natasha.

Vanquished Creatures
  An orc priest (D:3)
  7 adders
  A dart slug (D:1)
  3 leopard geckos
  8 orcs (D:3)
  2 ball pythons
  2 giant cockroaches
  8 goblins
  8 hobgoblins
  4 jackals (D:3)
  7 kobolds
  3 bats
  3 frilled lizards
  7 rats
  26 fungi (D:1)
90 creatures vanquished.

Notes
Turn   | Place    | Note
-------+----------+-------------------------------------------
     0 | D:1      | Sten the Draconian Berserker began the quest for the Orb.
     0 | D:1      | Reached XP level 1. HP: 19/19 MP: 1/1
   696 | D:1      | Reached XP level 2. HP: 19/26 MP: 2/2
  1699 | D:2      | Reached XP level 3. HP: 33/33 MP: 3/3
  2921 | D:3      | Reached XP level 4. HP: 40/40 MP: 4/4
  3017 | D:3      | Reached ** piety under Trog
  3023 | D:3      | Reached skill level 1 in Long Blades
  3277 | D:3      | Reached skill level 1 in Stealth
  3281 | D:3      | Reached XP level 5. HP: 42/46 MP: 5/5
  3299 | D:3      | Found a burning altar of Makhleb.
  3847 | D:4      | Noticed Natasha
  3848 | D:4      | Noticed Duvessa
  3848 | D:4      | Noticed Dowan
  3866 | D:4      | Killed from afar by Natasha

Skill      XL: |  1  2  3  4 |
---------------+-------------+-----
Dodging        | 3 |  3.4
Maces & Flails | 4 |  4.4
Long Blades    | 1 |  1.1
Fighting       | 4 |  4.1
Stealth        | 1 |  1.0
Axes           | |  0.6
Throwing       | |  0.1

Action                   |  1- 3 |  4- 6 || total
-------------------------+-------+-------++-------
Melee: Mace              |   313 |       ||   313
       Tailslap          |    93 |     9 ||   102
       Long sword        |    18 |    16 ||    34
       War axe           |    14 |       ||    14
       Morningstar       |       |    40 ||    40
       Whip              |       |    13 ||    13
Throw: Stone             |     2 |       ||     2
Invok: Berserk           |     1 |     2 ||     3
  Use: Scroll            |     2 |       ||     2
       Potion            |     1 |       ||     1
  Eat: Bread ration      |     1 |       ||     1
       Chunk             |     3 |     2 ||     5
       Royal jelly       |     1 |       ||     1
Armor: Skin              |    38 |    34 ||    72
Dodge: Dodged            |    82 |    69 ||   151
       Rpst.: Long sword |     7 |     8 ||    15
